 Dungeon Crawl Stone Soup version 0.13-a0-2527-g93fcdc4 (webtiles) character file.

187 Kae the Ruinous (level 4, 0/24 HPs)
             Began as a Tengu Fire Elementalist on July 25, 2013.
             Killed from afar by an orc wizard (4 damage)
             ... with a puff of flame
             ... on Level 3 of the Dungeon.
             The game lasted 00:03:50 (2568 turns).

Kae the Ruinous (Tengu Fire Elementalist)           Turns: 2568, Time: 00:03:50

HP   0/24        AC  2     Str  8      XL: 4   Next: 30%
MP   1/8         EV 12     Int 17      God:
Gold 113         SH  0     Dex 14      Spells:  2 memorised,  3 levels left

Res.Fire  : . . .   See Invis. : .   f - +2,+1 short sword
Res.Cold  : . . .   Warding    : .   a - +0 robe
Life Prot.: . . .   Conserve   : .   (no shield)
Res.Poison: .       Res.Corr.  : .   (helmet restricted)
Res.Elec. : .       Clarity    : .   (no cloak)
Sust.Abil.: . .     Spirit.Shd : .   (no gloves)
Res.Mut.  : .       Stasis     : .   (boots unavailable)
Res.Rott. : .       Flight     : .   (no amulet)
Saprovore : . . .                    (no ring)
                                     (no ring)

@: very slightly contaminated, slightly resistant to hostile enchantments,
fairly stealthy
A: beak, talons 3
a: no special abilities


You were on level 3 of the Dungeon.
You were hungry.

You visited 1 branch of the dungeon, and saw 4 of its levels.

You collected 93 gold pieces.

Inventory:

Hand weapons
 f - a +2,+1 short sword (weapon)
Armour
 a - a +0 robe (worn)
Comestibles
 c - 2 bread rations
 h - 2 meat rations
 i - an apple
 n - an orange
Scrolls
 d - 2 scrolls of identify {unknown}
 e - 2 scrolls of teleportation {unknown}
 l - 2 scrolls of remove curse {unknown}
 m - a scroll of amnesia {unknown}
 o - a scroll of enchant weapon II {unknown}
Jewellery
 k - an uncursed amulet of resist mutation {unknown}
Potions
 g - a potion of slowing {unknown}
 j - a potion of curing {unknown}
 p - a potion of flight {unknown}
Books
 b - a book of Flames

   Spells                             Type                      Level
   *Flame Tongue                      Conjuration/Fire             1
   *Throw Flame                       Conjuration/Fire             2
   Conjure Flame                      Conjuration/Fire             3
   Inner Flame                        Hexes/Fire                   3
   Sticky Flame                       Conjuration/Fire             4
   Fireball                           Conjuration/Fire             5


   Skills:
 - Level 2.1 Dodging
 - Level 2.0 Stealth
 + Level 1.9 Spellcasting
 * Level 3.9 Conjurations
 + Level 3.9 Fire Magic


You had 3 spell levels left.
You knew the following spells:

 Your Spells              Type           Power        Failure   Level  Hunger
a - Flame Tongue          Conj/Fire      ###..        4%          1    #......
b - Throw Flame           Conj/Fire      ###...       10%         2    ###....


Dungeon Overview and Level Annotations

Branches:
Dungeon (4/27)
 Temple: D:4-7

Altars:
Nemelex Xobeh
Zin
the Shining One


Innate Abilities, Weirdness & Mutations

You have a beak for a mouth.
You have claws for feet.


Message History

The puff of flame hits you!
* * * LOW HITPOINT WARNING * * *
Casting: Flame Tongue
Confirm with . or Enter, or press ? or * to list all spells.
Aiming: Flame Tongue
Press: ? - help, Shift-Dir - straight line, f/p - orc wizard
Aim: an orc wizard, wielding an orcish dagger and wearing a runed orcish robe The flame hits the orc wizard.
The orc wizard is heavily wounded.
The orc wizard barely misses you.
Casting: Flame Tongue
Confirm with . or Enter, or press ? or * to list all spells.
Aiming: Flame Tongue
Press: ? - help, Shift-Dir - straight line, f/p - orc wizard
Aim: an orc wizard, wielding an orcish dagger and wearing a runed orcish robe (heavily wounded)
The flame hits the orc wizard.
The orc wizard is severely wounded.
The orc wizard gestures at you while chanting.
The puff of flame hits you!
You die...

#........# #...
#........# #...
#........# ####
#........# #........#
####################
########.............
#...o..........###...
#...@..........# #...
#..............# #...
#..............###...
#..........%.....(...
#..............###.%.
#..............# #...
#.......#####.## #...
######.## #.# ####
#.# #.#


You could see an orc wizard.

Vanquished Creatures
  2 adders (D:2)
  2 worms
  2 giant geckos (D:1)
  2 giant cockroaches (D:2)
  5 hobgoblins
  9 jackals (D:1)
  5 kobolds
  A quokka (D:2)
  4 bats
  A giant newt (D:3)
  3 goblins
  6 rats
42 creatures vanquished.

Notes
Turn   | Place    | Note
--------------------------------------------------------------
     0 | D:1      | Kae, the Tengu Fire Elementalist, began the quest for the Orb.
     0 | D:1      | Reached XP level 1. HP: 10/10 MP: 3/3
   147 | D:1      | Found a glowing golden altar of the Shining One.
   620 | D:1      | Reached XP level 2. HP: 6/15 MP: 0/5
  1377 | D:2      | Reached XP level 3. HP: 16/19 MP: 7/7
  1685 | D:2      | Learned a level 2 spell: Throw Flame
  1764 | D:2      | Reached XP level 4. HP: 21/24 MP: 1/8
  2172 | D:3      | Found a sparkling altar of Nemelex Xobeh.
  2184 | D:3      | Found a glowing silver altar of Zin.
  2568 | D:3      | Killed from afar by an orc wizard

Action                   |  1- 3 |  4- 6 || total
-------------------------+-------+-------++-------
Melee: Unarmed           |    14 |       ||    14
       Short sword       |    19 |     6 ||    25
 Cast: Flame Tongue      |    48 |    23 ||    71
 Stab: Sleeping          |     1 |       ||     1
